 Dungeon Crawl Stone Soup version 0.30.1-9-gdf580d7c3d (webtiles) character file.

Game seed: 3833068818166802083

579642 bearlyready the Axe Maniac (level 27, -1/245 HPs)
             Began as a Hill Orc Reaver on Oct 11, 2023.
             Was an Initiate of Gozag.
             Slain by a green draconian monk (6 damage)
             ... on level 5 of the Realm of Zot.
             The game lasted 01:50:21 (60132 turns).

bearlyready the Axe Maniac (Hill Orc Reaver)       Turns: 60132, Time: 01:50:22

Health: -1/245     AC: 52    Str: 34    XL:     27
Magic:  20/20      EV:  4    Int:  8    God:    Gozag
Gold:   8387       SH:  0    Dex: 15    Spells: 24/30 levels left

rFire   + + .        q - +9 executioner's axe (flame)
rCold   + . .        (shield currently unavailable)
rNeg    . . .        P - +12 gold dragon scales
rPois   +            o - +0 helmet "Husuyg" {+Blink}
rElec   +            Y - +2 cloak
rCorr   +            N - +2 pair of gloves
SInv    .            I - +2 pair of boots
Will    ++...        u - amulet "Gialyhau" {Reflect rPois rF+ Int-3 SH+5} Stlth
                     G - +4 ring of slaying
HPRegen 0.60/turn    v - ring of Fyufat {rElec rCorr Str+7 Int-2 Dex+6}
MPRegen 0.17/turn

%: reflection
@: gold aura, held, hasted, constricted, studying Shields, bribing [the Realm of
Zot], very quick
A: frail 1, low MP 2, weak 1
}: 3/15 runes: serpentine, barnacled, silver
a: Renounce Religion, Evoke Blink, Potion Petition, Call Merchant, Bribe Branch


You were on level 5 of the Realm of Zot.
You worshipped Gozag.
Gozag was greatly pleased with you.
You visited 11 branches of the dungeon, and saw 50 of its levels.
You visited 1 bazaar.
You also visited: Gauntlet.

You collected 28540 gold pieces.
You spent 7478 gold pieces at shops.
You paid 12675 gold pieces to Gozag.

Inventory:

Hand Weapons
 q - a +9 executioner's axe of flaming (weapon)
Missiles
 H - 7 curare-tipped darts (quivered)
Armour
 f - the +2 pair of gloves of the Blind Marksman {Rampage *Slow rF+++ SInv}
   (You found it on level 3 of the Elven Halls)

   rF:        It renders you almost immune to fire.
   SInv:      It lets you see invisible.
   *Slow:     It may slow you when you take damage.
   Rampage:   It bestows one free step when moving towards enemies.
 o - the +0 helmet "Husuyg" (worn) {+Blink}
   (You found it in a Gauntlet)

   +Blink:    It lets you blink.
 I - a +2 pair of boots (worn)
 N - a +2 pair of gloves (worn)
 P - +12 gold dragon scales (worn)
 S - the +12 crystal plate armour of the Garden {-Tele Regen+ Str+4 Int+8}
   (You bought it in a shop on level 3 of the Snake Pit)

   Str:       It affects your strength (+4).
   Int:       It affects your intelligence (+8).
   -Tele:     It prevents most forms of teleportation.
   Regen:     It increases your rate of health regeneration.
 Y - a +2 cloak (worn)
Jewellery
 u - the amulet "Gialyhau" (around neck) {Reflect rPois rF+ Int-3 SH+5}
   (You found it in a Gauntlet)

   [amulet of reflection]

   It reflects blocked missile attacks.
   Int:       It affects your intelligence (-3).
   rF:        It protects you from fire.
   rPois:     It protects you from poison.
   SH:        It affects your SH (+5).
 v - the ring of Fyufat (right hand) {rElec rCorr Str+7 Int-2 Dex+6}
   (You found it on level 1 of the Snake Pit)

   [ring of dexterity]

   Str:       It affects your strength (+7).
   Int:       It affects your intelligence (-2).
   Dex:       It affects your dexterity (+6).
   rElec:     It insulates you from electricity.
   rCorr:     It protects you from acid and corrosion.
 x - the amulet of Xeulytuk {+Blink rPois Will+ Regen+ Dex+2}
   (You found it on level 3 of the Elven Halls)

   [amulet of regeneration]

   Dex:       It affects your dexterity (+2).
   rPois:     It protects you from poison.
   +Blink:    It lets you blink.
   Regen:     It increases your rate of health regeneration.
   Will:      It increases your willpower.
 G - a +4 ring of slaying (left hand)
 W - the ring of Kamnoip {+Blink rC+ Int+3 Dex-5 SInv}
   (You found it on level 1 of the Snake Pit)

   [ring of see invisible]

   Int:       It affects your intelligence (+3).
   Dex:       It affects your dexterity (-5).
   rC:        It protects you from cold.
   SInv:      It lets you see invisible.
   +Blink:    It lets you blink.
Wands
 b - a wand of polymorph (37)
 m - a wand of flame (80)
 y - a wand of roots (56)
 F - a wand of charming (62)
 K - a wand of acid (26)
 O - a wand of digging (14)
 T - a wand of mindburst (38)
Scrolls
 c - a scroll of fog
 d - 11 scrolls of magic mapping
 e - 19 scrolls of teleportation
 g - 15 scrolls of vulnerability
 j - 2 scrolls of enchant armour
 l - 12 scrolls of blinking
 n - 6 scrolls of butterflies
 p - 3 scrolls of silence
 r - 9 scrolls of immolation
 s - 5 scrolls of fear
 t - 16 scrolls of poison
 B - 6 scrolls of brand weapon
Potions
 h - 10 potions of attraction
 i - 12 potions of mutation
 k - 5 potions of brilliance
 w - 11 potions of flight
 z - 10 potions of haste
 A - 6 potions of heal wounds
 C - 31 potions of curing
 E - 9 potions of lignification
 J - 5 potions of ambrosia
 L - 7 potions of magic
 M - 4 potions of invisibility
 Q - 3 potions of might
 R - 4 potions of cancellation
 U - a potion of resistance
 X - 7 potions of berserk rage
Miscellaneous
 a - a box of beasts (inert)
 D - a lightning rod (4/4)
 V - a tin of tremorstones (2/2)
 Z - a phial of floods


   Skills:
 O Level 27 Fighting
 O Level 27 Axes
 + Level 26.0 Armour
 + Level 12.8 Dodging
 - Level 2.0 Spellcasting
 - Level 3.0 Conjurations
 + Level 7.7 Transmutations
 + Level 22.0 Evocations


You had 24 spell levels left.
You knew the following spells:

 Your Spells              Type           Power      Damage    Failure   Level
a - Kiss of Death         Conj/Necr      12%        2d6       65%         1
b - Swiftness             Air            0%         N/A       99%         3
z - Wereblood             Tmut           13%        N/A       11%         2

Your spell library contained the following spells:

 Spells                   Type           Power      Damage    Failure   Level
 Beastly Appendage        Tmut           26%        N/A       7%          1
 Sting                    Tmut/Pois      24%        1d4       34%         1
 Passwall                 Tmut/Erth      5%         N/A       45%         2
 Shock                    Conj/Air       12%        1d3       65%         1
 Spider Form              Tmut/Pois      6%         N/A       71%         3
 Momentum Strike          Conj/Tloc      6%         3d8       80%         2
 Apportation              Tloc           0%         N/A       86%         1
 Freeze                   Ice            0%         1d3       86%         1
 Necrotise                Necr           0%         1d4       86%         1
 Sandblast                Erth           0%         2d4       86%         1
 Slow                     Hex            0%         N/A       86%         1
 Summon Small Mammal      Summ           0%         N/A       86%         1
 Ignite Poison            Fire/Tmut/Pois 4%         N/A       87%         3
 Blink                    Tloc           0%         N/A       94%         2
 Cigotuvi's Dreadful Rot  Necr/Pois/Air  0%         N/A       94%         2
 Poisonous Vapours        Pois/Air       0%         N/A       94%         2
 Scorch                   Fire           0%         2d5       94%         2
 Hailstorm                Conj/Ice       3%         3d3       95%         3
 Stone Arrow              Conj/Erth      6%         3d7       95%         3
 Mephitic Cloud           Conj/Pois/Air  2%         N/A       97%         3
 Ice Form                 Ice/Tmut       6%         N/A       98%         4
 Call Canine Familiar     Summ           0%         N/A       99%         3
 Confusing Touch          Hex            0%         N/A       99%         3
 Frozen Ramparts          Ice            0%         1d1       99%         3
 Gell's Gravitas          Tloc           0%         N/A       99%         3
 Inner Flame              Hex/Fire       0%         N/A       99%         3
 Portal Projectile        Hex/Tloc       0%         N/A       99%         3
 Teleport Other           Tloc           0%         N/A       99%         3
 Vampiric Draining        Necr           0%         2d6       99%         3
 Vhi's Electric Charge    Tloc/Air       0%         N/A       99%         3
 Airstrike                Air            0%         2d(0-16)  100%        4
 Animate Armour           Summ/Erth      0%         N/A       100%        4
 Dispel Undead            Necr           0%         3d6       100%        4
 Flame Wave               Conj/Fire      3%         2d5       100%        4
 Leda's Liquefaction      Hex/Erth       0%         N/A       100%        4
 Manifold Assault         Tloc           0%         N/A       100%        4
 Olgreb's Toxic Radiance  Pois           0%         N/A       100%        4
 Summon Ice Beast         Ice/Summ       0%         N/A       100%        4
 Agony                    Necr           0%         N/A       100%        5
 Alistair's Intoxication  Tmut/Pois      4%         N/A       100%        5
 Arcjolt                  Conj/Air       1%         1d11      100%        5
 Freezing Cloud           Conj/Ice/Air   1%         6-21      100%        5
 Silence                  Hex/Air        0%         N/A       100%        5
 Summon Forest            Summ/Tloc      0%         N/A       100%        5
 Summon Mana Viper        Hex/Summ       0%         N/A       100%        5
 Yara's Violent Unravell  Hex/Tmut       3%         3d4       100%        5
 Death Channel            Necr           0%         N/A       100%        6
 Dispersal                Tloc           0%         N/A       100%        6
 Eringya's Noxious Bog    Tmut/Pois      3%         N/A       100%        6
 Statue Form              Tmut/Erth      4%         N/A       100%        6
 Summon Cactus Giant      Summ           0%         N/A       100%        6
 Dragon Form              Tmut           6%         N/A       100%        7
 Enfeeble                 Hex            0%         N/A       100%        7
 Haunt                    Necr/Summ      0%         N/A       100%        7
 Ozocubu's Refrigeration  Ice            0%         4d7       100%        7
 Storm Form               Tmut/Air       3%         N/A       100%        7
 Summon Hydra             Summ           0%         N/A       100%        7
 Borgnjor's Revivificati  Necr           0%         N/A       100%        8
 Discord                  Hex            0%         N/A       100%        8
 Disjunction              Tloc           0%         N/A       100%        8
 Ignition                 Fire           0%         3d3       100%        8
 Infestation              Necr           0%         N/A       100%        8
 Lehudib's Crystal Spear  Conj/Erth      1%         10d2      100%        8
 Maxwell's Capacitive Co  Air            0%         ∞         100%        8
 Summon Horrible Things   Summ           0%         N/A       100%        8
 Chain Lightning          Conj/Air       1%         3d2       100%        9
 Polar Vortex             Ice            0%         N/A       100%        9
 Animate Dead             Necr           Unusable   N/A       N/A         4
 Simulacrum               Ice/Necr       Unusable   N/A       N/A         6

Dungeon Overview and Level Annotations

Branches:
Dungeon (15/15)            Temple (1/1) D:4            Lair (5/5) D:11
 Shoals (4/4) Lair:2        Snake (4/4) Lair:3        Slime (0/5) Lair:5
    Orc (2/2) D:9             Elf (3/3) Orc:2        Vaults (5/5) D:14
  Crypt (2/3) Vaults:2     Depths (4/4) D:15            Zot (5/5) Depths:4
Gauntlet (visited)

Altars:
Ashenzari
Cheibriados
Dithmenos
Elyvilon
Fedhas
Gozag
Hepliaklqana
Kikubaaqudgha
Makhleb
Nemelex Xobeh
Okawaru
Qazlal
Ru
Sif Muna
Trog
Uskayaw
Vehumet
Wu Jian
Xom
Yredelemnul
Zin
The Shining One
Jiyva
Lugonu

Shops:
D:4 [   D:6 *   D:8 :   Orc:2 !(!=   Elf:3 *(==   Shoals:3 [   Shoals:4 *
Snake:2 *   Snake:3 *?   Snake:4 :   Vaults:2 !   Zot:1 *   Depths:2 :==
Depths:4 *:

Portals:
Hell: Depths:2 Depths:3 Depths:4
Abyss: Orc:1 Lair:5 Depths:3
Pandemonium: Orc:2 Depths:2 Depths:4
Ziggurat: Depths:1

Annotations:
D:5 Dowan, Duvessa
D:14 3 runed translucent doors, laqueoix's ghost, journeyman HOFi
Shoals:2 Ilsuiw
Shoals:3 Mara
Elf:2 3 runed translucent doors


Innate Abilities, Weirdness & Mutations

You are frail. (-10% HP)
Your magical capacity is very low. (-20% MP)
You are weak. (Str -2)


Message History

You struggle against the net.
The purple draconian shifter gestures at you while chanting.
You resist with significant effort.
The Killer Klown blinks!
You struggle against the net.
The Killer Klown is distracted by your dazzling golden aura.
The purple draconian shifter casts a spell at you.
The Orb Guardian blinks!
The green draconian monk blinks into view!
The red draconian scorcher blinks into view!
The Orb Guardian blinks!
The tentacled monstrosity blinks into view!
The Killer Klown blinks!
The Killer Klown shouts!
Okay, then. [a] - 340 gold - resistance, might and lignification [b] - 609 gold - might, brilliance, lignification and resistance [c] - 210 gold - haste Purchase which effect?
You feel yourself speed up. The Orb Guardian hits you!
* * * LOW HITPOINT WARNING * * *
The tentacled monstrosity tentacle-slaps you but does no damage. x3
The tentacled monstrosity grabs you.
The tentacled monstrosity constricts you!
* * * LOW HITPOINT WARNING * * *
The green draconian monk hits you but does no damage.
The green draconian monk kicks you but does no damage.
The green draconian monk tail-slaps you but does no damage. x2
The red draconian scorcher hits you but does no damage.
The Killer Klown is distracted by your dazzling golden aura.
The Orb Guardian hits you!!
* * * LOW HITPOINT WARNING * * *
The Orb Guardian is distracted by your dazzling golden aura.
The Killer Klown shouts!
You struggle against the net.
The Orb Guardian hits you but does no damage.
The red draconian scorcher hits you with a +0 long sword!
* * * LOW HITPOINT WARNING * * *
The green draconian monk hits you.
You die...
Your body crumbles into a pile of gold.

........###..............X###..q.
........# ##...........^.## #...$
.$$$....# #.............# #....
.$.§....# ##........q..## #....
.$...p..# #...........# #...(
........# ##...........## #....
...9...## #......p..p...# ##...
......## ##...XXq.....[.## ##..
.....## #....X@qX.......# ##.
######▓▓ ########.######## ▓##
#..# #........^...# #.. #..#
#............# #.. #..#
##..........## #.< #####..#
##........## #.. ...)...##
##......## ##.. ........##
##..#### ##... ######...## #..#
##...#


You could see 2 Killer Klowns, a tentacled monstrosity, a green draconian monk,
a purple draconian shifter, 3 Orb Guardians and a red draconian scorcher.

Vanquished Creatures
  6 ancient liches
  2 dread liches
  3 juggernauts
  3 orbs of fire
  A royal mummy (Depths:2)
  4 Killer Klowns
  Bai Suzhen (Shoals:3)
  Vashnia (Snake:4)
  3 curse toes
  Saint Roka (Snake:2)
  11 golden dragons
  Nikola (Snake:4)
  2 electric golems
  Jorgrun (Orc:2)
  A walking crystal tome (Depths:4)
  Rupert (D:15)
  14 tentacled monstrosities
  2 deep elf master archers (Elf:3)
  Zenata (Vaults:4)
  5 liches
  8 quicksilver dragons
  14 Orb Guardians (Zot:5)
  2 deep elf blademasters (Elf:3)
  3 titans
  Asterion (Snake:2)
  A kraken (Shoals:1)
  7 sphinxes
  2 ancient champions (Crypt:2)
  Kirke (D:13)
  19 storm dragons
  Frances (D:13)
  2 death cobs
  Donald (Snake:4)
  7 nagarajas
  9 shadow dragons
  4 draconian monks
  8 tengu reavers
  5 draconian knights
  4 fire giants
  Louise (Elf:3)
  11 frost giants
  Aizul (Snake:1)
  An iron dragon (Vaults:5)
  5 draconian scorchers
  2 ghost moths (Zot:4)
  13 vault wardens
  3 draconian shifters (Zot:1)
  4 deep elf sorcerers
  3 curse skulls
  2 draconian stormcallers (Zot:3)
  An orc warlord (Orc:2)
  6 ghouls (Crypt:2)
  16 ironbound preservers
  A deep elf elementalist (Elf:3)
  12 stone giants
  2 spriggan defenders
  3 draconian annihilators
  26 very ugly things
  A juggernaut skeleton (Crypt:2)
  9 ironbound thunderhulks
  2 grey draconians (Depths:4)
  7 black draconians
  6 war gargoyles
  The ghost of ShellytheWitch the Slicer, a journeyman KoBr of Dithmenos (Lair:5)
  3 deep elf annihilators
  7 green draconians
  8 vampire knights
  4 white draconians
  3 deep elf demonologists
  13 dire elephants
  12 purple draconians
  6 red draconians
  12 yellow draconians
  A minotaur (Gauntlet)
  5 spark wasps
  7 merfolk impalers
  2 ettins (shapeshifter)
  An eidolon (Crypt:2)
  A fire dragon (shapeshifter) (Vaults:5)
  7 ettins
  A green death (Depths:2)
  8 deep elf death magi
  4 mummy priests (Depths:2)
  3 entropy weavers
  4 jiangshi (Crypt:1)
  3 crystal guardians
  4 deep elf high priests
  Josephine (D:13)
  5 merfolk javelineers (Shoals:4)
  A salamander tyrant (Snake:3)
  Fannar (D:11)
  11 fire dragons
  A hell beast (Depths:4)
  2 rakshasas
  18 yaktaur captains
  6 peacekeepers
  6 great orbs of eyes
  Erolcha (D:10)
  4 ice dragons
  An ogre mage (D:15)
  2 demonspawn (Orc:2)
  42 vault guards
  2 spriggan air magi
  14 centaur warriors
  A boulder beetle (shapeshifter) (Vaults:5)
  3 merfolk avatars
  The ghost of Lyung the Destroyer, a journeyman DsCj of Gozag (D:13)
  An alligator snapping turtle (Shoals:1)
  5 hydras
  9 two-headed ogres
  A death knight (Crypt:1)
  14 anacondas
  2 catoblepae
  11 ironbound frosthearts
  6 deep troll shamans
  4 merfolk aquamancers
  A satyr (Shoals:4)
  12 dancing weapons
  28 naga warriors
  9 boulder beetles
  5 deep troll earth magi
  2 death yaks (Lair:4)
  8 vampire magi
  4 thrashing horrors (Lair:5)
  20 naga sharpshooters
  7 spriggan berserkers
  18 hell knights
  5 tengu warriors
  2 soul eaters
  4 orc high priests (Orc:2)
  7 shock serpents
  12 deep elf knights
  A sixfirhy (Orc:2)
  A salamander mystic (Snake:1)
  12 sea snakes
  4 skysharks
  7 iron trolls
  8 skeletal warriors (Crypt:1)
  2 shadow wraiths (Vaults:5)
  3 glowing orange brains (Depths:3)
  3 flayed ghosts (Depths:3)
  41 deep trolls
  5 phantasmal warriors
  9 naga ritualists
  18 ironbound convokers
  16 lindwurms
  7 large abominations
  11 wizards
  2 bog bodies (Crypt:2)
  12 deep elf archers
  21 deep elf pyromancers
  21 harpies
  11 necromancers
  16 deep elf zephyrmancers
  13 mana vipers
  13 salamanders
  50 ugly things
  8 orc knights
  A faun (Shoals:1)
  10 orc sorcerers
  A broodmother zombie (Crypt:2)
  4 cyclopes
  A stone giant zombie (Crypt:2)
  Joseph (D:9)
  29 moths of wrath
  A fire giant skeleton (Crypt:1)
  17 manticores
  10 merfolk sirens
  7 elephants
  19 vault sentinels
  Maurice (D:14)
  40 slime creatures
  18 guardian serpents
  5 smoke demons
  45 black mambas
  4 rust devils
  An orange demon (Orc:2)
  19 naga magi
  3 gargoyles
  2 torpor snails
  2 water nymphs (Shoals:1)
  7 cane toads
  8 rime drakes
  An unseen horror zombie (Crypt:2)
  A black draconian zombie (Crypt:1)
  4 unseen horrors
  2 cane toads (shapeshifter)
  An iron troll zombie (Crypt:2)
  2 ancient zymes (Lair:5)
  26 yaktaurs
  4 freezing wraiths
  12 komodo dragons
  An ice devil (D:13)
  A harpy zombie (Crypt:1)
  A green draconian skeleton (Crypt:2)
  3 guardian mummies (Depths:2)
  24 merfolk
  2 red devils
  A death drake zombie (Crypt:1)
  A polar bear (shapeshifter) (D:15)
  A black draconian skeleton (Crypt:2)
  7 trolls
  A tyrant leech (shapeshifter) (Vaults:5)
  A hellwing (Depths:4)
  A wolf spider simulacrum (D:13)
  8 wind drakes
  11 hornets
  Grinder (D:5)
  A dream sheep (shapeshifter) (Vaults:5)
  A jumping spider zombie (Crypt:1)
  A blink frog (shapeshifter) (Vaults:5)
  20 blink frogs
  11 dream sheep
  13 flying skulls (Gauntlet)
  9 snapping turtles
  4 shadows
  5 air elementals
  10 centaur simulacra
  A culicivora (shapeshifter) (Depths:3)
  A dire elephant simulacrum (Crypt:1)
  7 spriggans
  12 wraiths
  2 ynoxinuls
  8 wyverns
  17 small abominations
  A vampire (D:10)
  18 water elementals
  A hog (D:13)
  62 yaks
  Grum (D:9)
  5 fire elementals
  4 basilisks
  A neqoxec (Gauntlet)
  6 steam dragons
  A redback (Vaults:5)
  15 vampire mosquitoes
  7 chaos spawn
  4 wargs
  A water nymph zombie (Crypt:2)
  A naga zombie (Crypt:1)
  A harpy simulacrum (Crypt:1)
  36 nagas
  A two-headed ogre zombie (Crypt:1)
  An acid dragon (shapeshifter) (Lair:5)
  A deep troll zombie (Crypt:1)
  4 acid dragons
  20 water moccasins
  40 orc warriors
  An ice beast (D:5)
  10 ogres
  2 sky beasts
  A boggart (Vaults:4)
  14 wolves
  26 centaurs
  3 elf zombies (Elf:1)
  A phantom (D:5)
  A kobold brigand (D:6)
  A gnoll sergeant (D:6)
  6 bullfrogs
  3 earth elementals
  A necrophage (Crypt:2)
  4 scorpions
  8 wights
  7 killer bees (D:9)
  A howler monkey (D:8)
  3 electric eels
  A crimson imp (D:6)
  4 hounds
  24 orc priests
  3 jellies
  A black bear skeleton (Crypt:1)
  5 iguanas
  3 sleepcaps
  A basilisk skeleton (Crypt:2)
  20 orc wizards
  An acid dragon zombie (Crypt:1)
  A mummy (Depths:2)
  5 gnolls
  7 adders
  2 shadow imps
  5 white imps
  An ufetubus (D:6)
  2 worms (D:3)
  4 dart slugs
  88 orcs
  12 ball pythons
  7 endoplasms
  3 giant cockroaches
  6 goblins
  7 hobgoblins
  2 jackals (D:1)
  5 quokkas
  2 bats (D:3)
  3 frilled lizards
  7 kobolds
  6 rats
  A spectral weapon (Snake:2)
  3 tentacles (Shoals:1)
2120 creatures vanquished.

Vanquished Creatures (collateral kills)
  Parghit (Zot:2)
  A nagaraja (Snake:2)
  A merfolk aquamancer (Shoals:4)
  A harpy (Shoals:4)
  A merfolk siren (Shoals:4)
  A black mamba (Snake:2)
  4 merfolk (Shoals:4)
  2 dream sheep (Shoals:4)
12 creatures vanquished.

Vanquished Creatures (others)
  A tengu reaver (Vaults:5)
  A merfolk impaler (Shoals:4)
  A merfolk aquamancer (Shoals:4)
  An orc high priest (Orc:2)
  A deep elf knight (Elf:1)
  A cyclops (Shoals:4)
  3 merfolk (Shoals:4)
  4 humans
  2 centaurs
  A quokka (D:11)
  A lurking horror (Orc:1)
  A tentacle (Shoals:1)
18 creatures vanquished.

Grand Total: 2150 creatures vanquished

Notes
Turn   | Place    | Note
-------+----------+-------------------------------------------
     0 | D:1      | bearlyready the Hill Orc Reaver began the quest for the
                  | Orb.
     0 | D:1      | Reached XP level 1. HP: 18/18 MP: 3/3
   165 | D:1      | Reached XP level 2. HP: 25/25 MP: 4/4
   306 | D:1      | Reached skill level 5 in Axes
   632 | D:1      | Reached XP level 3. HP: 27/30 MP: 5/5
  1784 | D:3      | Identified the +5 dagger "Weizurig" {venom, Str+4}
  1813 | D:3      | Reached XP level 4. HP: 37/37 MP: 6/6
  2177 | D:3      | Found a hazy altar of Hepliaklqana.
  2667 | D:3      | Reached XP level 5. HP: 35/42 MP: 7/7
  2850 | D:4      | Found a staircase to the Ecumenical Temple.
  3085 | Temple   | Entered the Ecumenical Temple
  3227 | Temple   | Became a worshipper of Gozag Ym Sagoz the Greedy
  3371 | D:4      | Reached XP level 6. HP: 49/50 MP: 8/8
  3594 | D:4      | Found Oquic's Antique Armour Shoppe.
  3755 | D:5      | Entered Level 5 of the Dungeon
  3768 | D:5      | Noticed an ice beast
  3789 | D:5      | Killed an ice beast
  3863 | D:5      | Noticed Duvessa
  3864 | D:5      | Noticed Dowan
  3894 | D:4      | Reached skill level 10 in Axes
  4071 | D:5      | Reached XP level 7. HP: 57/57 MP: 9/9
  4698 | D:5      | Noticed Grinder
  4712 | D:5      | Paralysed by Grinder for 5 turns
  4726 | D:5      | Killed Grinder
  4727 | D:5      | Reached XP level 8. HP: 62/67 MP: 10/10
  4895 | D:5      | Found a sparkling altar of Nemelex Xobeh.
  4896 | D:5      | Found a snail-covered altar of Cheibriados.
  5056 | D:6      | Identified the +1 flail of Wondrous Power {flame, rCorr
                  | Str+4}
  5062 | D:6      | Found a shimmering blue altar of Sif Muna.
  5143 | D:6      | Found a sacrificial altar of Ru.
  5155 | D:6      | Reached skill level 5 in Fighting
  5456 | D:6      | Found Kowaex Zinuk's General Store.
  6106 | D:7      | Reached XP level 9. HP: 38/79 MP: 11/11
  6129 | D:7      | Noticed a purple ugly thing
  6134 | D:7      | Found a radiant altar of Vehumet.
  6243 | D:8      | Reached skill level 15 in Axes
  6277 | D:8      | Found Xairghiqo's Book Shop.
  6460 | D:6      | Reached XP level 10. HP: 83/88 MP: 12/12
  6896 | D:8      | Found an ancient bone altar of Kikubaaqudgha.
  7504 | D:9      | Noticed a two-headed ogre
  7523 | D:9      | Killed a two-headed ogre
  7561 | D:9      | Noticed Grum
  7599 | D:9      | Reached skill level 1 in Armour
  7727 | D:9      | Killed Grum
  8086 | D:9      | Reached XP level 11. HP: 87/97 MP: 13/13
  8199 | D:9      | Found a staircase to the Orcish Mines.
  8373 | D:9      | Noticed Joseph
  8385 | D:9      | Killed Joseph
  8638 | D:7      | Killed a purple ugly thing
  8639 | D:7      | Reached skill level 5 in Armour
  8928 | D:10     | Entered Level 10 of the Dungeon
  8931 | D:10     | Noticed Erolcha
  8938 | D:10     | Killed Erolcha
  8939 | D:10     | Reached skill level 10 in Fighting
  9094 | D:10     | Found a blossoming altar of Fedhas.
  9976 | D:11     | Found a staircase to the Lair.
  9982 | D:11     | Noticed a centaur warrior
 10075 | D:11     | Noticed a boulder beetle
 10091 | D:11     | Killed a boulder beetle
 10116 | D:11     | Noticed Fannar
 10210 | Orc:1    | Entered Level 1 of the Orcish Mines
 10287 | Orc:2    | Entered Level 2 of the Orcish Mines
 10314 | Orc:2    | Noticed Jorgrun
 10333 | Orc:2    | Killed Jorgrun
 10334 | Orc:2    | Reached skill level 5 in Evocations
 10334 | Orc:2    | Reached XP level 12. HP: 45/110 MP: 14/14
 10420 | Orc:2    | Noticed an orc high priest
 10472 | Orc:2    | Killed an orc high priest
 10497 | Orc:2    | Found a dark tunnel.
 10514 | Orc:2    | Noticed an orc warlord
 10520 | Orc:2    | Identified a scroll of acquirement
 10520 | Orc:2    | Acquired a +0 executioner's axe of flaming
 10685 | Orc:1    | Noticed a two-headed ogre
 10700 | Orc:1    | Killed a two-headed ogre
 11002 | Orc:1    | Found a corrupted altar of Lugonu.
 11056 | Orc:1    | Found a one-way gate to the infinite horrors of the Abyss.
 11388 | Orc:2    | Noticed a soul eater
 11389 | Orc:2    | Killed an orc warlord
 11713 | Orc:2    | Found Rosaeh's Distillery.
 11721 | Orc:2    | Found Ryis Ewa's Distillery.
 12045 | Orc:2    | Bought a potion of haste for 160 gold pieces
 12045 | Orc:2    | Bought a potion of curing for 48 gold pieces
 12045 | Orc:2    | Bought a potion of might for 64 gold pieces
 12045 | Orc:2    | Bought a potion of curing for 48 gold pieces
 12045 | Orc:2    | Bought a potion of haste for 160 gold pieces
 12047 | Orc:2    | Bought a potion of heal wounds for 75 gold pieces
 12047 | Orc:2    | Bought a potion of haste for 150 gold pieces
 12047 | Orc:2    | Bought a potion of resistance for 150 gold pieces
 12074 | Orc:2    | Noticed an orc high priest
 12258 | Orc:2    | Killed an orc high priest
 12457 | Orc:2    | Found a staircase to the Elven Halls.
 12533 | Orc:2    | Noticed an orc high priest
 12723 | Orc:2    | Found an iron altar of Okawaru.
 12895 | Orc:2    | Reached XP level 13. HP: 111/119 MP: 15/15
 12997 | Orc:2    | Paralysed by an orc sorcerer for 5 turns
 13212 | Lair:1   | Entered Level 1 of the Lair of Beasts
 14041 | Lair:2   | Learned a level 3 spell: Swiftness
 14220 | Lair:2   | Reached skill level 5 in Dodging
 14365 | Lair:2   | Found a staircase to the Shoals.
 14372 | Lair:2   | Reached skill level 10 in Armour
 15388 | Lair:3   | Found a staircase to the Snake Pit.
 15451 | Lair:3   | Paralysed by a hornet for 1 turns
 15457 | Lair:3   | Paralysed by a hornet for 2 turns
 15468 | Lair:3   | Paralysed by a hornet for 2 turns
 16023 | Lair:4   | Reached XP level 14. HP: 58/130 MP: 16/16
 16886 | Lair:5   | Entered Level 5 of the Lair of Beasts
 17121 | Lair:5   | Noticed a dire elephant
 17214 | Lair:4   | Killed a dire elephant
 17673 | Lair:5   | Found a staircase to the Slime Pits.
 17679 | Lair:5   | Found a viscous altar of Jiyva.
 17687 | Lair:5   | Found a transporter.
 17689 | Lair:5   | Noticed ShellytheWitch's ghost (journeyman KoBr)
 17773 | Lair:5   | Found a transporter.
 18472 | Lair:5   | Reached skill level 15 in Fighting
 18776 | Lair:5   | Found a corrupted altar of Lugonu.
 19190 | D:11     | Reached XP level 15. HP: 127/141 MP: 17/17
 19609 | D:11     | Found a white marble altar of Elyvilon.
 19905 | D:11     | Killed Fannar
 20020 | D:12     | Found a gate leading to a gauntlet.
 20044 | Gauntlet | Entered a Gauntlet
 20044 | Gauntlet | Found a transporter.
 20053 | Gauntlet | Found a transporter.
 20068 | Gauntlet | Found a transporter.
 20073 | Gauntlet | Found a transporter.
 20094 | Gauntlet | Found a transporter.
 20107 | Gauntlet | Found a transporter.
 20119 | Gauntlet | Found a transporter.
 20131 | Gauntlet | Found a transporter.
 20143 | Gauntlet | Found a transporter.
 20155 | Gauntlet | Found a transporter.
 20172 | Gauntlet | Found a transporter.
 20172 | Gauntlet | Found a transporter.
 20192 | Gauntlet | Found a transporter.
 20212 | Gauntlet | Found a transporter.
 20234 | Gauntlet | Found a transporter.
 20311 | Gauntlet | Found a transporter.
 20338 | Gauntlet | Found a transporter.
 20357 | Gauntlet | Found a transporter.
 20467 | Gauntlet | Got the Folio of Disgusting Teratogeny
 20558 | Gauntlet | Identified the amulet "Gialyhau" {Reflect rPois rF+ Int-3
                  | SH+5}
 20644 | Gauntlet | Identified the +0 helmet "Husuyg" {+Blink}
 20688 | Gauntlet | HP: 5/144 [minotaur/+1 spear of venom (12)]
 20894 | D:12     | Reached skill level 10 in Evocations
 21464 | D:13     | Noticed Josephine
 21478 | D:13     | Killed Josephine
 21498 | D:13     | Noticed Maurice
 21619 | D:14     | Found a flickering gateway to a bazaar.
 21628 | Bazaar   | Entered a bazaar
 21630 | Bazaar   | Found Ogoek's Armour Boutique.
 21634 | Bazaar   | Found Xusitito's Assorted Antiques.
 21634 | Bazaar   | Found Fuung's Magic Scroll Boutique.
 21635 | Bazaar   | Found Usirhir's Antique Armour Boutique.
 21645 | Bazaar   | Bought 2 scrolls of teleportation for 96 gold pieces
 21650 | Bazaar   | Bought a scroll of teleportation for 30 gold pieces
 21650 | Bazaar   | Bought a scroll of blinking for 75 gold pieces
 21650 | Bazaar   | Bought a scroll of teleportation for 30 gold pieces
 21655 | Bazaar   | Bought a pitted triple crossbow for 240 gold pieces
 21655 | Bazaar   | Identified the +6 triple crossbow "Uwkejina" {flame, *Slow
                  | rElec Str-3 Dex+9} (You bought it in a shop in a bazaar)
 21939 | D:14     | Found a runed translucent gate.
 21939 | D:14     | Found a runed translucent gate.
 21939 | D:14     | Found a runed translucent gate.
 21942 | D:14     | Noticed laqueoix's ghost (journeyman HOFi)
 21945 | D:14     | Found a viscous altar of Jiyva.
 22268 | D:14     | Found a gate to the Vaults.
 22306 | D:14     | Reached XP level 16. HP: 45/155 MP: 18/18
 22507 | D:15     | Entered Level 15 of the Dungeon
 22726 | D:15     | Noticed Rupert
 22726 | D:15     | Paralysed by Rupert for 2 turns
 22732 | D:15     | Paralysed by Rupert for 2 turns
 22741 | D:15     | Killed Rupert
 22997 | D:15     | Found a staircase to the Depths.
 23521 | D:14     | Killed Maurice
 23625 | D:13     | Noticed Lyung's ghost (journeyman DsCj)
 23650 | D:13     | Found a runed translucent gate.
 23650 | D:13     | Found a runed translucent gate.
 23650 | D:13     | Found a runed translucent gate.
 23977 | D:13     | Noticed Kirke
 24069 | Snake:1  | Entered Level 1 of the Snake Pit
 24249 | Snake:1  | Found a transporter.
 24560 | Snake:1  | Found a transporter.
 24702 | Snake:1  | Noticed Aizul
 24726 | Snake:1  | Killed Aizul
 25314 | Snake:2  | Noticed a nagaraja
 25424 | Snake:2  | Killed a nagaraja
 25427 | Snake:2  | Found Etwojoeta's Assorted Antiques.
 25639 | Snake:2  | Bought a scroll of fog for 156 gold pieces
 26073 | Snake:2  | Noticed Saint Roka
 26257 | Snake:2  | Killed Saint Roka
 27260 | Snake:2  | Reached XP level 17. HP: 90/166 MP: 19/19
 27904 | Snake:2  | Noticed Asterion
 27916 | Snake:2  | Killed Asterion
 29896 | Snake:3  | Found Rievoer's Assorted Antiques.
 29997 | Snake:3  | Bought a potion of haste for 400 gold pieces
 29997 | Snake:3  | Bought a translucent crystal plate armour for 3400 gold
                  | pieces
 29997 | Snake:3  | Identified the +12 crystal plate armour of the Garden
                  | {-Tele Regen+ Str+4 Int+8} (You bought it in a shop on
                  | level 3 of the Snake Pit)
 30409 | Snake:3  | Found Neism's Magic Scroll Emporium.
 30418 | Snake:3  | Bought a scroll of blinking for 127 gold pieces
 30418 | Snake:3  | Bought a scroll of magic mapping for 127 gold pieces
 30525 | Snake:4  | Entered Level 4 of the Snake Pit
 30538 | Snake:4  | Noticed Donald
 30548 | Snake:4  | Killed Donald
 30971 | Snake:4  | Found Egyx's Self-Improvement Boutique.
 31147 | Snake:4  | Reached XP level 18. HP: 30/178 MP: 20/20
 31303 | Snake:4  | Noticed Nikola
 31318 | Snake:4  | Killed Nikola
 31654 | Snake:4  | Got a serpentine rune of Zot
 31796 | Snake:4  | Found a hide-covered altar of Uskayaw.
 31892 | Snake:4  | Noticed Vashnia
 31913 | Snake:4  | Killed Vashnia
 32394 | Snake:1  | Reached skill level 15 in Armour
 32444 | Snake:1  | Identified the ring of Kamnoip {+Blink rC+ Int+3 Dex-5
                  | SInv}
 32451 | Snake:1  | Identified the ring of Fyufat {rElec rCorr Str+7 Int-2
                  | Dex+6}
 32560 | Shoals:1 | Entered Level 1 of the Shoals
 33829 | Shoals:2 | Noticed Ilsuiw
 34173 | Shoals:3 | Noticed Bai Suzhen
 34203 | Shoals:3 | Killed Bai Suzhen
 34312 | Shoals:3 | Noticed Mara
 34326 | Shoals:3 | Found Maaxol's Armour Shoppe.
 34333 | Shoals:3 | Noticed bearlyready's illusion
 34333 | Shoals:4 | Entered Level 4 of the Shoals
 34435 | Shoals:4 | Found Veorchitz's Overcharged Wands.
 34573 | Shoals:4 | Reached XP level 19. HP: 159/190 MP: 21/21
 34767 | Shoals:4 | Got a barnacled rune of Zot
 34984 | Shoals:4 | Identified the +6 spear of Stickiness {speed, Str+3}
 34986 | Shoals:4 | Reached skill level 27 in Axes
 35217 | Shoals:4 | Identified the +6 broad axe of Luisept {chaos, rC- rN+
                  | Str+4 Int+4}
 35866 | Lair:5   | Killed ShellytheWitch's ghost
 36255 | Orc:2    | Gained mutation: You are frail. (-10% HP) [a neqoxec]
 36260 | Orc:2    | Paralysed by an orc sorcerer for 3 turns
 36270 | Orc:2    | Found Losyvvoo's Jewellery Boutique.
 36270 | Orc:2    | Found Sureg's Antique Weapon Shop.
 36270 | Orc:2    | Found a one-way gate leading to the halls of Pandemonium.
 36429 | Orc:2    | Bought a +4 ring of slaying for 1092 gold pieces
 36484 | Elf:1    | Entered Level 1 of the Elven Halls
 36654 | Elf:1    | Got Jaggaeru's Thoughts on Misery
 36957 | Elf:1    | Paralysed by an air elemental for 1 turns
 37808 | Elf:2    | Reached XP level 20. HP: 181/181 MP: 22/22
 37931 | Elf:2    | Identified the +2 robe "Nadech" {Str+4}
 38024 | Elf:2    | Found a runed translucent gate.
 38025 | Elf:2    | Found a runed translucent gate.
 38025 | Elf:2    | Found a runed translucent gate.
 38366 | Elf:3    | Entered Level 3 of the Elven Halls
 38458 | Elf:3    | Found Zantaq's Jewellery Shoppe.
 38570 | Elf:3    | Found Zoefi's Jewellery Shoppe.
 38572 | Elf:3    | Found Pehou's Antique Weapon Emporium.
 38574 | Elf:3    | Found Buabbamm's Assorted Antiques.
 38593 | Elf:3    | Bought a scroll of fog for 144 gold pieces
 38847 | Elf:3    | Noticed Louise
 38858 | Elf:3    | Killed Louise
 39393 | Elf:3    | Identified the +11 dire flail "Geiwycse" {venom, Str+2
                  | Int+4}
 39535 | Elf:3    | Identified the +4 war axe of the Sixty-Six Bounties {venom,
                  | rF++ rC- Int+2}
 39542 | Elf:3    | Identified the +2 pair of gloves of the Blind Marksman
                  | {Rampage *Slow rF+++ SInv}
 39549 | Elf:3    | Got Gyschar's Atlas of Translocated Teratogeny
 39728 | Elf:3    | Identified the +1 leather armour "Ivulidy" {rElec Regen+
                  | Str+2 Dex-5}
 39732 | Elf:3    | Identified the staff of poison "Sofaomm" {+Blink rPois rN+
                  | Str+4 Stlth+}
 39747 | Elf:3    | Got the Directory of the Bouncing Loafs
 39755 | Elf:3    | Identified the amulet of Xeulytuk {+Blink rPois Will+
                  | Regen+ Dex+2}
 40132 | D:13     | Killed Kirke
 40231 | D:13     | Noticed Frances
 40241 | D:13     | Killed Frances
 40242 | D:13     | Found an ornate altar of the Wu Jian Council.
 40705 | D:13     | Killed Lyung's ghost
 40817 | Vaults:1 | Entered Level 1 of the Vaults
 41615 | Vaults:1 | Reached XP level 21. HP: 147/191 MP: 23/23
 42449 | Vaults:2 | Found Xeihize's Distillery.
 42459 | Vaults:2 | Bought a potion of heal wounds for 95 gold pieces
 42459 | Vaults:2 | Bought a potion of curing for 57 gold pieces
 42459 | Vaults:2 | Bought a potion of berserk rage for 95 gold pieces
 42459 | Vaults:2 | Bought a potion of berserk rage for 95 gold pieces
 42459 | Vaults:2 | Bought 2 potions of might for 152 gold pieces
 43447 | Vaults:2 | Found a staircase to the Crypt.
 43447 | Vaults:2 | Found a basalt altar of Yredelemnul.
 43447 | Vaults:2 | Found an ancient bone altar of Kikubaaqudgha.
 43773 | Vaults:3 | Reached skill level 15 in Evocations
 44367 | Vaults:3 | Reached XP level 22. HP: 194/203 MP: 24/24
 44852 | Vaults:4 | Noticed Zenata
 44870 | Vaults:4 | Killed Zenata
 46076 | Vaults:4 | Learned a level 2 spell: Wereblood
 46174 | Crypt:1  | Entered Level 1 of the Crypt
 46207 | Crypt:1  | Reached skill level 1 in Transmutations
 47338 | Crypt:2  | Reached skill level 5 in Transmutations
 48034 | Vaults:5 | Entered Level 5 of the Vaults
 48043 | Vaults:5 | Noticed an ancient lich
 48057 | Vaults:5 | Reached XP level 23. HP: 202/212 MP: 26/26
 48063 | Vaults:5 | Killed an ancient lich
 48065 | Vaults:5 | Noticed a golden dragon
 48073 | Vaults:5 | Noticed a dread lich
 48090 | Vaults:4 | Killed a dread lich
 48101 | Vaults:5 | Noticed a dread lich
 48108 | Vaults:4 | Killed a golden dragon
 48222 | Vaults:5 | Killed a dread lich
 48410 | Vaults:5 | Identified the +5 chain mail "Juoga" {Stlth+}
 48489 | Vaults:5 | Got a silver rune of Zot
 48613 | Vaults:5 | Noticed an ancient lich
 48624 | Vaults:5 | Killed an ancient lich
 48838 | Vaults:5 | Identified the +2 long sword of Victory {protect, Will+}
 49931 | Depths:1 | Entered Level 1 of the Depths
 50222 | Depths:1 | Found a one-way gateway to a ziggurat.
 50510 | Depths:1 | Reached XP level 24. HP: 193/222 MP: 25/26
 50514 | Depths:1 | Reached skill level 27 in Fighting
 50621 | Depths:1 | You fall into a shaft and drop 1 floor!
 50808 | Depths:2 | Found Onezodoe's Jewellery Boutique.
 50809 | Depths:2 | Found Fefaerph's Book Emporium.
 50811 | Depths:2 | Found Xerhyuw's Jewellery Boutique.
 51095 | Depths:2 | Found a gateway to Hell.
 51676 | Depths:2 | Noticed a royal mummy
 51689 | Depths:2 | Killed a royal mummy
 51894 | Depths:2 | HP: 5/200 [something (18)]
 52351 | Depths:3 | Noticed a juggernaut
 52360 | Depths:3 | Killed a juggernaut
 52562 | Depths:3 | Reached XP level 25. HP: 171/229 MP: 24/26
 52892 | Depths:3 | Identified the amulet of Bedwoucw {Harm Regen+ Slay+2}
 52903 | Depths:3 | Got Rimaczo's Compendium of Turbulence
 53188 | Depths:3 | Found a burning altar of Makhleb.
 53430 | Depths:4 | Entered Level 4 of the Depths
 53509 | Depths:4 | Noticed a juggernaut
 53519 | Depths:4 | Killed a juggernaut
 53523 | Depths:4 | Noticed a juggernaut
 53536 | Depths:4 | Killed a juggernaut
 54179 | Depths:4 | Found a gate to the Realm of Zot.
 54239 | Depths:4 | Found Jewn's General Store.
 54243 | Depths:4 | Found Walesar's Book Shop.
 54262 | Depths:4 | Bought a scroll of silence for 152 gold pieces
 54760 | Zot:1    | Entered Level 1 of the Realm of Zot
 55137 | Zot:1    | Reached skill level 10 in Dodging
 55734 | Zot:1    | Found Kor Icoc's CLEARANCE SALE!.
 55738 | Zot:1    | Bought a potion of berserk rage for 30 gold pieces
 55738 | Zot:1    | Bought a potion of berserk rage for 30 gold pieces
 55904 | Zot:2    | Noticed a Killer Klown
 55917 | Zot:2    | Killed a Killer Klown
 56029 | Zot:2    | Reached XP level 26. HP: 189/239 MP: 24/26
 56058 | Zot:2    | Noticed Parghit
 56068 | Zot:2    | HP: 2/239 [Parghit (17)]
 56081 | Zot:2    | Killed Parghit
 57059 | Zot:3    | Noticed an orb of fire
 57087 | Zot:3    | Gained mutation: Your magical capacity is low. (-10% MP)
                  | [an orb of fire]
 57098 | Zot:3    | Killed an orb of fire
 57223 | Zot:3    | Identified the +7 mace "Zeaskygo" {flame, Fragile rCorr
                  | Int+2 Dex+3}
 57811 | Zot:3    | Identified the +0 leather armour of Opatudwi {rN+ Str+9
                  | Int-5 Dex-5}
 58795 | Zot:4    | Noticed a Killer Klown
 58814 | Zot:4    | Killed a Killer Klown
 58916 | Zot:5    | Entered Level 5 of the Realm of Zot
 59608 | Zot:5    | Noticed a Killer Klown
 59633 | Zot:5    | Noticed a Killer Klown
 59648 | Zot:5    | Noticed an ancient lich
 59648 | Zot:5    | Noticed an ancient lich
 60036 | Zot:5    | Noticed a Killer Klown
 60042 | Zot:5    | Noticed an ancient lich
 60043 | Zot:5    | Noticed an orb of fire
 60054 | Zot:5    | Noticed a Killer Klown
 60061 | Zot:5    | Killed an ancient lich
 60062 | Zot:5    | Reached XP level 27. HP: 154/245 MP: 23/23
 60064 | Zot:5    | Killed an ancient lich
 60070 | Zot:5    | Gained mutation: Your magical capacity is very low. (-20%
                  | MP) [an orb of fire]
 60071 | Zot:5    | Killed an orb of fire
 60075 | Zot:5    | Killed an ancient lich
 60076 | Zot:5    | Noticed an ancient lich
 60095 | Zot:5    | Noticed an orb of fire
 60100 | Zot:5    | Killed an ancient lich
 60111 | Zot:5    | Gained mutation: You are weak. (Str -2) [an orb of fire]
 60117 | Zot:5    | Killed an orb of fire
 60131 | Zot:5    | HP: 11/245 [Orb Guardian (18)]
 60132 | Zot:5    | HP: 5/245 [red draconian scorcher/+0 long sword[a purple
                  | draconian shifter] (7)]
 60132 | Zot:5    | Slain by a green draconian monk

Illustrated notes

Levels and vault maps discovered:
D:1:      minmay_arrival_four_loops, layout_loops_ring, nrook_mini_backslash
D:2:      layout_loops_ring
D:3:      layout_loops_corners, lemuel_coloured_pillars_altar
D:4:      layout_gridville, minmay_temple_entry_mini_moons, serial_shops, shop
D:5:      layout_gridville, gammafunk_temple_overflow_statue, uniq_duvessa,
          uniq_grinder
D:6:      layout_basic, led_sif_pool, nicolae_ru_awakened_eye, serial_shops,
          nicolae_shop_back_alley_shop, serial_glass, glass_columns_c,
          glass_columns_c, glass_columns_a, glass_columns_b, glass_columns_a,
          glass_columns_a, glass_columns_a, glass_columns_b, glass_columns_b,
          glass_columns_a, minmay_fire_ice_demons
D:7:      layout_rooms, nicolae_vehumet_radiance, minmay_manual_monstrance
D:8:      layout_basic, mainiacjoe_overflow_paths, serial_shops,
          nicolae_stop_n_shop_2, kennysheep_generic_room_5
D:9:      layout_roguey, hiddenorc1_lemuel, uniq_joseph, uniq_grum
D:10:     layout_grid_maze, mainiacjoe_overflow_small_starburst, uniq_erolcha
D:11:     minmay_distorted_concentric_squares, layout_loops_ring,
          dpeg_oklobed_lair, st_stairs_3, elyvilon_altar_4, uniq_fannar
D:12:     layout_stronghold, gauntlet_entry_generic
D:13:     layout_cave_pools, gammafunk_ghost_icy, grunt_decor_clamped,
          nzn_wu_jian_contemplation, uniq_maurice, uniq_frances, uniq_josephine,
          uniq_kirke
D:14:     layout_cave_pools, skrybe_vaults_entry_preservation,
          gammafunk_ghost_ooze, serial_shops, bzr_entry_lakeside
D:15:     grunt_enter_depths_hoard, layout_gridville, uniq_rupert
Temple:   nicolae_temple_great_sept
Lair:1:   layout_gridlike, chequers_serial_rivers_large_a,
          infiniplex_staircase_pool_2
Lair:2:   layout_small_grid, minmay_shoals_entry_centaurs
Lair:3:   layout_regular_city, guppyfry_snake_entry_garden, serial_rivers,
          chequers_serial_rivers_marsh, chequers_serial_rivers_micro_d,
          chequers_serial_rivers_micro_e, chequers_serial_rivers_small_3,
          chequers_serial_rivers_micro_e, dreamdust_wasp_nest
Lair:4:   layout_loops_ring, minmay_stone_trees_large,
          infiniplex_staircase_pool, lemuel_fruit_tree
Lair:5:   hellmonk_lair_end_abyssal_woods, layout_misc_corridors, slime_entry_1,
          gammafunk_ghost_arena, serial_bayou_ford_a,
          hangedman_lair_generics_rect
Shoals:1: layout_shoals
Shoals:2: layout_shoals, nicolae_shoals_drake_roost, uniq_ilsuiw
Shoals:3: layout_shoals, serial_shops, shop, nicolae_shoals_hunting_party,
          uniq_bai_suzhen, uniq_mara
Shoals:4: shoals_end_simple, layout_shoals, nicolae_shop_overcharged_wands
Snake:1:  gammafunk_its_a_trap, layout_misc_corridors,
          nicolae_snake_gridmaze_big_u, uniq_aizul
Snake:2:  layout_chambers, serial_shops, shop, grunt_megastairs_5,
          uniq_saint_roka, uniq_asterion
Snake:3:  layout_grid_maze, serial_shops, shop, nicolae_shop_trees
Snake:4:  grunt_snake_rune_serpentine_throne, layout_cave_town, basic_altar,
          drop_trap, nicolae_snake_linked_coils, nicolae_shop_self_help,
          uniq_donald, uniq_vashnia, uniq_nikola
Orc:1:    layout_diamond_mine, amcnicky_altar_lugonu_corruption
Orc:2:    pf_orc_diabolical, layout_diamond_mine,
          nicolae_volcano_entry_two_sided, okawaru_metal_pillars_1_2,
          uniq_jorgrun
Elf:1:    eino_elf_arrival_sip, layout_geoelf_octagon, minmay_elf_necromancy,
          grunt_megastairs_3
Elf:2:    nicolae_elf_blades_crystal_corner, layout_loops_ring,
          grunt_ministairs_8
Elf:3:    elf_hall_gauntlet_narrow, layout_geoelf_diagonals, serial_shops,
          nicolae_shop_tiny_waterfront, minmay_misc_feat_ornament, drop_trap,
          hangedman_elven_ridges, minmay_shop_star, uniq_louise
Vaults:1: nicolae_vaults_rhombus_6, ontoclasm_vaults_claustrophobia,
          nicolae_vaults_triangles, nicolae_vaults_big_ls,
          nicolae_vaults_closet_pinwheel_4, nicolae_vaults_heart-shaped_vault,
          nicolae_vaults_diagonal_hallway_8, hangedman_vaults_cutoff,
          nicolae_vaults_disjoint_gnomons, grunt_vaults_hallway_short,
          ontoclasm_vaults_loading_screen, ontoclasm_vaults_loading_screen,
          nicolae_vaults_tetromino_Z_1, layout_vaults_maze_snakey
Vaults:2: nicolae_vaults_display_case, v_alt_pattern_5,
          minmay_crypt_entry_necro_gods, nicolae_vaults_alarming, v_pattern_2,
          nicolae_vaults_more_shelving_2, vaults_room_grunt_arrival_checkpoint,
          vaults_room_hallway, nicolae_vaults_wine_cellar, v_misc_22,
          layout_vaults_quadrants, serial_shops, shop
Vaults:3: v_misc_28, ontoclasm_vaults_gateway, v_misc_30, v_rooms_6,
          hangedman_vaults_maws, v_alt_pattern_2, grunt_vaults_funnel,
          nicolae_vaults_two_Ls, grunt_vaults_hallway_short, v_misc_15,
          layout_vaults_big_cross
Vaults:4: nicolae_vaults_trapezoid_1, grunt_vaults_diagonal,
          hangedman_vaults_slither, vaults_room_boxed, v_misc_11,
          vaults_room_glass_cross, v_misc_23, nicolae_vaults_sightless_eye,
          nicolae_vaults_tetromino_Z_2, nicolae_vaults_tetromino_Z_1, v_misc_29,
          nicolae_vaults_shelves_hall, layout_vaults_ring, uniq_zenata
Vaults:5
Crypt:1:  layout_rooms, grunt_ministairs_12, grunt_crypt_arrival_split
Crypt:2:  layout_catacombs
Depths:1: dreamdust_experimentation, layout_gridville, enter_ziggurat_c,
          serial_bayou_shore_a, hellmouth_1, minmay_serpent_palace
Depths:2: ragdoll_tomb_raider, layout_gridlike, minmay_door_square,
          rand_demon_pan_entry_8, hangedman_coc_ice_floe,
          kennysheep_generic_room_13, kennysheep_random_hallway,
          minmay_shop_grove, infiniplex_staircase_river
Depths:3: minmay_heptahexagon, layout_cave_shapes, minmay_room_of_horrors,
          serial_bayou_shore_b, hangedman_geh_valley, makhleb_altar_promises_db
Depths:4: evilmike_zot_entry_gauntlet, layout_cave_pools,
          hangedman_tar_grid_catacomb, rand_demon_pan_entry_7,
          serial_bayou_pond_e, nicolae_wooded_promenade
Zot:1:    layout_cathedral_of_symmetry, grunt_ministairs_1,
          nicolae_shop_clearance
Zot:2:    kennysheep_spiral_hall, layout_onion, uniq_parghit
Zot:3:    layout_misc_corridors, grunt_megastairs_4
Zot:4:    layout_misc_corridors
Zot:5:    layout_concentric_octagons

Skill      XL: |  1  2  3  4  5  6  7  8  9 10 11 12 13 14 15 16 17 18 19 20 21 22 23 24 25 26 27 |
---------------+----------------------------------------------------------------------------------+-----
Axes           | 5 6 7 8 10 12 15 17 18 19 20 21 23 24 25 26 27 | 27.0
Fighting       | 3 4 7 8 9 11 12 13 15 17 18 20 21 22 23 25 26 27 | 27.0
Evocations     | 2 5 6 9 10 11 12 13 15 16 17 19 20 21 22 | 22.0
Armour         | 4 6 9 10 11 12 14 15 17 19 20 21 22 23 24 25 26 | 26.0
Dodging        | 3 5 6 8 10 12 | 12.8
Transmutations | 5 7 |  7.7
Spellcasting   | 2 |  2.0
Conjurations   | |  3.0

Action                     |  1- 3 |  4- 6 |  7- 9 | 10-12 | 13-15 | 16-18 | 19-21 | 22-24 | 25-27 || total
---------------------------+-------+-------+-------+-------+-------+-------+-------+-------+-------++-------
  Melee: Hand axe          |   124 |       |       |       |       |       |       |       |       ||   124
         Dagger            |     1 |   137 |       |       |       |       |       |       |       ||   138
         War axe           |       |    18 |   112 |       |       |       |       |       |       ||   130
         Punch             |       |       |     2 |       |       |       |       |       |       ||     2
         Battleaxe         |       |       |   125 |   473 |       |       |       |       |       ||   598
         Broad axe         |       |       |    44 |       |       |       |       |       |       ||    44
         Executioner's axe |       |       |       |   116 |   992 |  1250 |  1031 |   947 |   845 ||  5181
         Unarmed           |       |       |       |       |       |     8 |       |       |       ||     8
  Throw: Dart              |       |       |     5 |    24 |     3 |    12 |       |       |       ||    44
   Cast: Wereblood         |       |       |       |       |       |       |       |    18 |     7 ||    25
 Invoke: Potion Petition   |       |       |       |       |       |       |       |       |     3 ||     3
         Bribe Branch      |       |       |       |       |       |       |       |       |     4 ||     4
  Evoke: Wand              |       |       |     5 |     6 |    12 |    17 |    17 |     7 |     3 ||    67
         Tin of tremorston |       |       |       |       |     3 |     7 |     1 |     2 |     3 ||    16
         Box of beasts     |       |       |       |       |       |     3 |     1 |     1 |     2 ||     7
         Lightning rod     |       |       |       |       |       |     1 |     1 |     6 |       ||     8
         Phial of floods   |       |       |       |       |       |     1 |     1 |       |       ||     2
    Use: Scroll            |       |       |    12 |     8 |    16 |     4 |     8 |     3 |    13 ||    64
         Potion            |       |       |     2 |     3 |     9 |     8 |     5 |     5 |    13 ||    45
   Stab: Distracted        |       |       |       |     2 |     2 |     8 |    13 |     8 |     7 ||    40
         Petrified         |       |       |       |       |     7 |       |       |       |       ||     7
         Paralysed         |       |       |       |       |     1 |       |       |       |       ||     1
 Armour: Leather armour    |    31 |     6 |       |       |       |       |       |       |       ||    37
         Ring mail         |       |    78 |   140 |    55 |       |       |       |       |       ||   273
         Skin              |       |       |     3 |       |       |     2 |       |       |       ||     5
         Scale mail        |       |       |       |   101 |       |       |       |       |       ||   101
         Chain mail        |       |       |       |    83 |   682 |   383 |       |       |       ||  1148
         Crystal plate arm |       |       |       |       |       |   541 |   666 |   622 |   533 ||  2362
         Gold dragon scale |       |       |       |       |       |       |       |       |   208 ||   208
  Dodge: Dodged            |    60 |    75 |   125 |   263 |   461 |   453 |   286 |   274 |   418 ||  2415
  Block: Other             |       |    16 |    11 |       |       |   215 |   162 |   140 |   155 ||   699
         Reflection        |       |       |     1 |       |       |    20 |    26 |     4 |     4 ||    55
